| TOP OF THE 1ST |
|
Williamsport Crosscutters batting - Pitching for Brooklyn Cyclones : RHP Adrian Colorado
|
|
Pitching: RHP Adrian Colorado
|
|
|
Batting: LHB Brent Dutcher
|
0-0: Fly out, F7 (Flyball, 7, EV 88.8 MPH)
|
|
Batting: RHB Marcus Carter
|
0-0: Ball 1-0: Ball 2-0: Ball 3-0: Called Strike 3-1: Base on Balls
|
|
Batting: RHB Tak-keung Chieu
|
0-0: Fielders Choice at 2nd, 3-6 (Groundball, 3, EV 102.5 MPH)
|
|
Batting: LHB Matt Calitri
|
0-0: Foul Ball, location: 2F 0-1: Ball 1-1: Ball 2-1: SINGLE (Groundball, 6MD, EV 97.5 MPH) Tak-keung Chieu to second Runner from 2nd tries for 3rd, SAFE, throw by CF made to third
|
|
Batting: RHB Josh Baker
|
0-0: Ball 1-0: Called Strike 1-1: Foul Ball, location: 2F 1-2: Strikes out swinging
|
| Top of the 1st over - 0 runs, 1 hit, 0 errors, 2 left on base; Williamsport 0 - Brooklyn 0 |
| BOTTOM OF THE 1ST |
|
Brooklyn Cyclones batting - Pitching for Williamsport Crosscutters : RHP Guillermo de Leon
|
|
Pitching: RHP Guillermo de Leon
|
|
|
Batting: RHB Darwin Mills
|
0-0: Ball 1-0: Fly out, F5 (Popup, 5SF, EV 76.2 MPH)
|
|
Batting: RHB Mike Mathews
|
0-0: Called Strike 0-1: Ball 1-1: Ball 2-1: Foul Ball, location: 2F 2-2: Foul Ball, location: 2F 2-2: Foul Ball, location: 2F 2-2: Ground out U3 (Groundball, 34S, EV 81.2 MPH)
|
|
Batting: SHB Harrison Feist
|
0-0: Swinging Strike 0-1: Called Strike 0-2: Ball 1-2: Strikes out swinging
|
| Bottom of the 1st over - 0 runs, 0 hits, 0 errors, 0 left on base; Williamsport 0 - Brooklyn 0 |
| TOP OF THE 2ND |
|
Williamsport Crosscutters batting - Pitching for Brooklyn Cyclones : RHP Adrian Colorado
|
|
Batting: RHB Bryan Alfaro
|
0-0: Called Strike 0-1: Ball 1-1: Foul Ball, location: 2F 1-2: Ball 2-2: Ball 3-2: SINGLE (Groundball, 5S, EV 66.9 MPH) (infield hit)
|
|
Pitching: RHP Danny Helm
|
|
|
Batting: RHB Phil Knox
|
0-0: Called Strike 0-1: Ball 1-1: Ball 2-1: Called Strike 2-2: Ball 3-2: Strikes out looking
|
|
Batting: RHB Leon Edwards
|
0-0: Ball Bryan Alfaro steals 2nd, throwing error, E2 Bryan Alfaro to third 1-0: Ball Wild Pitch! Bryan Alfaro scores 2-0: DOUBLE (Line Drive, 89D, EV 102.5 MPH)
|
|
Batting: RHB Jeremy Mercer
|
0-0: Called Strike 0-1: Called Strike Leon Edwards steals 3rd base 0-2: Foul Ball, location: 2F 0-2: Ball 1-2: Ball 2-2: Fly out, F7 (Flyball, 7, EV 92.5 MPH) Runner from 3rd tags up, SCORES, throw by LF
|
|
Batting: LHB Brent Dutcher
|
0-0: Ball 1-0: Called Strike 1-1: Ball 2-1: Ball 3-1: Foul Ball, location: 2F 3-2: Base on Balls
|
|
Pitching: RHP Marvin Merino
|
|
|
Batting: RHB Marcus Carter
|
0-0: Ball Brent Dutcher steals 2nd base 1-0: Ball 2-0: Called Strike 2-1: Reaches on Catchers interference
|
|
Batting: RHB Tak-keung Chieu
|
0-0: Called Strike 0-1: Ball 1-1: Foul Ball, location: 2F 1-2: Ball Passed Ball! Brent Dutcher to third Marcus Carter to second 2-2: Foul Ball, location: 2F 2-2: Ball 3-2: Base on Balls
|
|
Batting: LHB Matt Calitri
|
0-0: Called Strike 0-1: Foul Ball, location: 2F 0-2: Ball Wild Pitch! Brent Dutcher scores Marcus Carter to third Tak-keung Chieu to second 1-2: Ball 2-2: Strikes out swinging
|
| Top of the 2nd over - 3 runs, 2 hits, 2 errors, 2 left on base; Williamsport 3 - Brooklyn 0 |
| BOTTOM OF THE 2ND |
|
Brooklyn Cyclones batting - Pitching for Williamsport Crosscutters : RHP Guillermo de Leon
|
|
Batting: RHB Mike Patterson
|
0-0: Called Strike 0-1: Ground out 6-3 (Groundball, 6, EV 84.4 MPH)
|
|
Batting: RHB Matt Tittle
|
0-0: Ball 1-0: Ball 2-0: Foul Ball, location: 2F 2-1: Swinging Strike 2-2: Ball 3-2: Ground out 5-3 (Groundball, 56, EV 88.8 MPH)
|
|
Batting: LHB Ryan Stegall
|
0-0: Foul Ball, location: 2F 0-1: Foul Ball, location: 2F 0-2: Strikes out swinging
|
| Bottom of the 2nd over - 0 runs, 0 hits, 0 errors, 0 left on base; Williamsport 3 - Brooklyn 0 |
| TOP OF THE 3RD |
|
Williamsport Crosscutters batting - Pitching for Brooklyn Cyclones : RHP Marvin Merino
|
|
Batting: RHB Josh Baker
|
0-0: Ball 1-0: Swinging Strike 1-1: Swinging Strike 1-2: SOLO HOME RUN (Flyball, 89XD, EV 100.6 MPH), Distance : 407 ft
|
|
Batting: RHB Bryan Alfaro
|
0-0: Called Strike 0-1: Ball 1-1: Ball 2-1: Called Strike 2-2: Strikes out swinging
|
|
Batting: RHB Phil Knox
|
0-0: Ball 1-0: Ball 2-0: Called Strike 2-1: Foul Ball, location: 2F 2-2: Strikes out swinging
|
|
Batting: RHB Leon Edwards
|
0-0: Called Strike 0-1: DOUBLE (Groundball, 5L, EV 103.1 MPH)
|
|
Batting: RHB Jeremy Mercer
|
0-0: DOUBLE (Line Drive, 9LM, EV 101.2 MPH) Leon Edwards scores
|
|
Batting: LHB Brent Dutcher
|
0-0: Called Strike 0-1: Ball 1-1: Called Strike 1-2: Foul Ball, location: 2F 1-2: Ball Passed Ball! Jeremy Mercer to third 2-2: Foul Ball, location: 2F 2-2: Ball 3-2: Base on Balls
|
|
Batting: RHB Marcus Carter
|
0-0: Ball 1-0: Foul Ball, location: 2F 1-1: SINGLE (Line Drive, 89M, EV 92.5 MPH) Jeremy Mercer scores Brent Dutcher to second Runner from 2nd tries for 3rd, SAFE, throw by CF made to third
|
|
Batting: RHB Tak-keung Chieu
|
0-0: DOUBLE (Line Drive, 78D, EV 110.6 MPH) Brent Dutcher scores Marcus Carter to third Runner from 3rd tries for Home, SAFE, throw by CF to trailing runner, SAFE at third!
|
|
Batting: LHB Matt Calitri
|
0-0: Ball 1-0: Fly out, F9 (Flyball, 89D, EV 99.4 MPH)
|
| Top of the 3rd over - 5 runs, 5 hits, 0 errors, 1 left on base; Williamsport 8 - Brooklyn 0 |
| BOTTOM OF THE 3RD |
|
Brooklyn Cyclones batting - Pitching for Williamsport Crosscutters : RHP Guillermo de Leon
|
|
Batting: RHB Brad Brown
|
0-0: Called Strike 0-1: Ball 1-1: Foul Ball, location: 2F 1-2: Foul Ball, location: 2F 1-2: Strikes out swinging
|
|
Batting: RHB Tyler Lybrand
|
0-0: Called Strike 0-1: Foul Ball, location: 2F 0-2: Strikes out swinging
|
|
Batting: RHB Barney Pederson
|
0-0: Ball 1-0: Called Strike 1-1: Ball 2-1: Foul Ball, location: 2F 2-2: Foul Ball, location: 2F 2-2: Foul Ball, location: 2F 2-2: Strikes out swinging
|
| Bottom of the 3rd over - 0 runs, 0 hits, 0 errors, 0 left on base; Williamsport 8 - Brooklyn 0 |
| TOP OF THE 4TH |
|
Williamsport Crosscutters batting - Pitching for Brooklyn Cyclones : RHP Marvin Merino
|
|
Batting: RHB Josh Baker
|
0-0: Called Strike 0-1: Fly out, F8 (Flyball, 8LS, EV 91.2 MPH)
|
|
Batting: RHB Bryan Alfaro
|
0-0: Ball 1-0: Swinging Strike 1-1: Ball 2-1: Ball 3-1: Swinging Strike 3-2: Base on Balls
|
|
Batting: RHB Phil Knox
|
0-0: Called Strike 0-1: Called Strike 0-2: Strikes out swinging
|
|
Batting: RHB Leon Edwards
|
0-0: Ball 1-0: SINGLE (Groundball, 4MS, EV 65.6 MPH) (infield hit) Bryan Alfaro to second
|
|
Batting: RHB Jeremy Mercer
|
0-0: Ball 1-0: DOUBLE (Flyball, 8RD, EV 104.4 MPH) Bryan Alfaro scores Leon Edwards to third
|
|
Batting: LHB Brent Dutcher
|
0-0: Ball 1-0: TRIPLE (Line Drive, 89XD, EV 103.1 MPH) Leon Edwards scores Jeremy Mercer scores
|
|
Batting: RHB Marcus Carter
|
0-0: SINGLE (Groundball, 6MD, EV 95.0 MPH) Brent Dutcher scores
|
|
Batting: RHB Tak-keung Chieu
|
0-0: Ground out 4-3 (Groundball, 4, EV 86.2 MPH)
|
| Top of the 4th over - 4 runs, 4 hits, 0 errors, 1 left on base; Williamsport 12 - Brooklyn 0 |
| BOTTOM OF THE 4TH |
|
Brooklyn Cyclones batting - Pitching for Williamsport Crosscutters : RHP Guillermo de Leon
|
|
Batting: RHB Darwin Mills
|
0-0: SINGLE (Groundball, 56D, EV 97.5 MPH)
|
|
Batting: RHB Mike Mathews
|
0-0: Called Strike 0-1: Swinging Strike 0-2: Strikes out swinging
|
|
Batting: SHB Harrison Feist
|
0-0: Ball 1-0: Foul Ball, location: 2F 1-1: Ball 2-1: Fielders Choice at 2nd, 3-6 (Groundball, 34S, EV 85.6 MPH)
|
|
Batting: RHB Mike Patterson
|
0-0: Ball 1-0: Called Strike 1-1: Ball 2-1: Foul Ball, location: 2F 2-2: Fly out, F8 (Flyball, 8LM, EV 90.0 MPH)
|
| Bottom of the 4th over - 0 runs, 1 hit, 0 errors, 1 left on base; Williamsport 12 - Brooklyn 0 |
| TOP OF THE 5TH |
|
Williamsport Crosscutters batting - Pitching for Brooklyn Cyclones : RHP Marvin Merino
|
|
Batting: LHB Matt Calitri
|
0-0: Ball 1-0: Ground out 4-3 (Groundball, 4M, EV 102.5 MPH)
|
|
Batting: RHB Josh Baker
|
0-0: Called Strike 0-1: Called Strike 0-2: Ball 1-2: Foul Ball, location: 2F 1-2: Ball 2-2: Ball 3-2: Foul Ball, location: 2F 3-2: Base on Balls
|
|
Batting: RHB Bryan Alfaro
|
0-0: Ball 1-0: Ball 2-0: Called Strike 2-1: Ball 3-1: Base on Balls Josh Baker to second
|
|
Batting: RHB Phil Knox
|
0-0: Fly out, F5 (Line Drive, 56, EV 65.6 MPH)
|
|
Batting: RHB Leon Edwards
|
0-0: Ball 1-0: Ball 2-0: Called Strike 2-1: Ball 3-1: Called Strike 3-2: Base on Balls Josh Baker to third Bryan Alfaro to second
|
|
Batting: RHB Jeremy Mercer
|
0-0: Fielders Choice at 2nd, 6-4 (Groundball, 6, EV 85.6 MPH)
|
| Top of the 5th over - 0 runs, 0 hits, 0 errors, 3 left on base; Williamsport 12 - Brooklyn 0 |
| BOTTOM OF THE 5TH |
|
Brooklyn Cyclones batting - Pitching for Williamsport Crosscutters : RHP Guillermo de Leon
|
|
Batting: RHB Matt Tittle
|
0-0: Called Strike 0-1: Ball 1-1: Foul Ball, location: 2F 1-2: Ball 2-2: Strikes out swinging
|
|
Batting: LHB Ryan Stegall
|
0-0: Called Strike 0-1: Swinging Strike 0-2: Strikes out swinging
|
|
Batting: RHB Brad Brown
|
0-0: Ball 1-0: Called Strike 1-1: Ball 2-1: Ball 3-1: Foul Ball, location: 2F 3-2: Strikes out swinging
|
| Bottom of the 5th over - 0 runs, 0 hits, 0 errors, 0 left on base; Williamsport 12 - Brooklyn 0 |
| TOP OF THE 6TH |
|
Williamsport Crosscutters batting - Pitching for Brooklyn Cyclones : RHP Marvin Merino
|
|
Batting: LHB Brent Dutcher
|
0-0: Ball 1-0: Swinging Strike 1-1: Ground out 1-3 (Groundball, 34S, EV 68.8 MPH)
|
|
Batting: RHB Marcus Carter
|
0-0: Ground out 4-3 (Groundball, 4, EV 85.6 MPH)
|
|
Batting: RHB Tak-keung Chieu
|
0-0: Fly out, F9 (Flyball, 9D, EV 86.2 MPH)
|
| Top of the 6th over - 0 runs, 0 hits, 0 errors, 0 left on base; Williamsport 12 - Brooklyn 0 |
| BOTTOM OF THE 6TH |
|
Brooklyn Cyclones batting - Pitching for Williamsport Crosscutters : RHP Guillermo de Leon
|
|
Batting: RHB Tyler Lybrand
|
0-0: Ground out 5-3 (Groundball, 56S, EV 86.2 MPH)
|
|
Batting: RHB Barney Pederson
|
0-0: Ball 1-0: Foul Ball, location: 2F 1-1: Foul Ball, location: 2F 1-2: Strikes out swinging
|
|
Batting: RHB Darwin Mills
|
0-0: Foul Ball, location: 2F 0-1: Swinging Strike 0-2: Strikes out swinging
|
| Bottom of the 6th over - 0 runs, 0 hits, 0 errors, 0 left on base; Williamsport 12 - Brooklyn 0 |
| TOP OF THE 7TH |
|
Williamsport Crosscutters batting - Pitching for Brooklyn Cyclones : RHP Marvin Merino
|
|
Pinch Hitting: SHB Brendan Bundy
|
0-0: Called Strike 0-1: Ball 1-1: Ball 2-1: Swinging Strike 2-2: Strikes out looking
|
|
Batting: RHB Josh Baker
|
0-0: Called Strike 0-1: Foul Ball, location: 2F 0-2: Strikes out looking
|
|
Pinch Hitting: RHB Jeff Cornett
|
0-0: SINGLE (Groundball, 6D, EV 104.4 MPH)
|
|
Batting: RHB Dante McCauley
|
0-0: Ball 1-0: Foul Ball, location: 2F 1-1: Foul Ball, location: 2F 1-2: Ball 2-2: Foul Ball, location: 2F 2-2: Ball 3-2: Base on Balls Jeff Cornett to second
|
|
Pinch Hitting: RHB Rogelio Losano
|
0-0: SINGLE (Groundball, 6MD, EV 95.6 MPH) Jeff Cornett to third Dante McCauley to second Runner from 3rd tries for Home, SAFE, throw by CF to home
|
|
Batting: RHB Jeremy Mercer
|
0-0: DOUBLE (Groundball, 5L, EV 95.0 MPH) Dante McCauley scores Rogelio Losano to third Runner from 3rd tries for Home, SAFE, throw by LF to home
|
|
Pinch Hitting: SHB Ryohei Nakano
|
0-0: DOUBLE (Flyball, 78D, EV 106.9 MPH) Jeremy Mercer scores
|
|
Pinch Hitting: RHB Zachary Anderson
|
0-0: Ground out 5-3 (Groundball, 56S, EV 87.5 MPH)
|
| Top of the 7th over - 4 runs, 4 hits, 0 errors, 1 left on base; Williamsport 16 - Brooklyn 0 |
| BOTTOM OF THE 7TH |
|
Brooklyn Cyclones batting - Pitching for Williamsport Crosscutters : RHP Guillermo de Leon
|
|
Pitching: RHP Matt Gray
|
|
|
Now at 2B: Ryohei Nakano
|
|
|
Now at 3B: Zachary Anderson
|
|
|
Now at SS: Rogelio Losano
|
|
|
Now in LF: Brendan Bundy
|
|
|
Now in CF: Jeff Cornett
|
|
|
Batting: RHB Mike Mathews
|
0-0: Swinging Strike 0-1: Swinging Strike 0-2: Strikes out looking
|
|
Batting: SHB Harrison Feist
|
0-0: Ball 1-0: Swinging Strike 1-1: Ball 2-1: Ball 3-1: Foul Ball, location: 2F 3-2: Base on Balls
|
|
Batting: RHB Mike Patterson
|
0-0: Ball Wild Pitch! Harrison Feist to second 1-0: Foul Ball, location: 2F 1-1: Ground out 5-3 (Groundball, 25, EV 81.2 MPH)
|
|
Batting: RHB Matt Tittle
|
0-0: Ball 1-0: Called Strike 1-1: Ball 2-1: Called Strike 2-2: Strikes out looking
|
| Bottom of the 7th over - 0 runs, 0 hits, 0 errors, 1 left on base; Williamsport 16 - Brooklyn 0 |
| TOP OF THE 8TH |
|
Williamsport Crosscutters batting - Pitching for Brooklyn Cyclones : RHP Marvin Merino
|
|
Pinch Hitting: RHB Jake Mitchell
|
0-0: DOUBLE (Line Drive, 9LS, EV 97.5 MPH)
|
|
Pinch Hitting: RHB Seth Daniel
|
0-0: Ball Wild Pitch! Jake Mitchell to third 1-0: Ground out U3 (Groundball, 13, EV 91.9 MPH) Jake Mitchell scores
|
|
Batting: RHB Josh Baker
|
0-0: SINGLE (Groundball, 3D, EV 95.0 MPH)
|
|
Batting: RHB Jeff Cornett
|
0-0: Ball 1-0: SINGLE (Groundball, 56D, EV 110.6 MPH) Josh Baker to second
|
|
Batting: RHB Dante McCauley
|
0-0: Ball Wild Pitch! Josh Baker to third Jeff Cornett to second 1-0: Ball 2-0: Ball 3-0: Base on Balls
|
|
Batting: RHB Rogelio Losano
|
0-0: Foul Ball, location: 2F 0-1: Fielders Choice at 2nd, 6-4 (Groundball, 6, EV 83.1 MPH) Josh Baker scores Jeff Cornett to third
|
|
Batting: RHB Jeremy Mercer
|
0-0: Fielders Choice at 2nd, 5-4 (Groundball, 56, EV 80.0 MPH)
|
| Top of the 8th over - 2 runs, 3 hits, 0 errors, 2 left on base; Williamsport 18 - Brooklyn 0 |
| BOTTOM OF THE 8TH |
|
Brooklyn Cyclones batting - Pitching for Williamsport Crosscutters : RHP Matt Gray
|
|
Now in LF: Seth Daniel
|
|
|
Now in RF: Jake Mitchell
|
|
|
Batting: LHB Ryan Stegall
|
0-0: Ball 1-0: Ball 2-0: Foul Ball, location: 2F 2-1: Called Strike 2-2: Strikes out swinging
|
|
Batting: RHB Brad Brown
|
0-0: Foul Ball, location: 2F 0-1: Foul Ball, location: 2F 0-2: Strikes out looking
|
|
Batting: RHB Tyler Lybrand
|
0-0: Ball 1-0: Called Strike 1-1: Ball 2-1: Swinging Strike 2-2: Foul Ball, location: 2F 2-2: Foul Ball, location: 2F 2-2: Strikes out swinging
|
| Bottom of the 8th over - 0 runs, 0 hits, 0 errors, 0 left on base; Williamsport 18 - Brooklyn 0 |
| TOP OF THE 9TH |
|
Williamsport Crosscutters batting - Pitching for Brooklyn Cyclones : RHP Marvin Merino
|
|
Batting: SHB Ryohei Nakano
|
0-0: Ball 1-0: Ball 2-0: Foul Ball, location: 2F 2-1: Swinging Strike 2-2: Strikes out looking
|
|
Batting: RHB Zachary Anderson
|
0-0: Called Strike 0-1: Swinging Strike 0-2: Ball 1-2: Strikes out swinging
|
|
Batting: RHB Jake Mitchell
|
0-0: Ground out 5-3 (Groundball, 5S, EV 75.6 MPH)
|
| Top of the 9th over - 0 runs, 0 hits, 0 errors, 0 left on base; Williamsport 18 - Brooklyn 0 |
| BOTTOM OF THE 9TH |
|
Brooklyn Cyclones batting - Pitching for Williamsport Crosscutters : RHP Matt Gray
|
|
Batting: RHB Barney Pederson
|
0-0: Ball 1-0: Ball 2-0: Ball 3-0: Called Strike 3-1: Foul Ball, location: 2F 3-2: Strikes out swinging
|
|
Batting: RHB Darwin Mills
|
0-0: Swinging Strike 0-1: Swinging Strike 0-2: Ball 1-2: Strikes out swinging
|
|
Batting: RHB Mike Mathews
|
0-0: Foul Ball, location: 2F 0-1: Foul Ball, location: 2F 0-2: Strikes out swinging
|
| Bottom of the 9th over - 0 runs, 0 hits, 0 errors, 0 left on base; Williamsport 18 - Brooklyn 0 |
|